TEX
SAN ANTONIO MISSIONS @ CORPUS CHRISTI HOOKS
09/04/2098
 
TOP OF THE 1ST
San Antonio Missions batting - Pitching for Corpus Christi Hooks : RHP Chad Wilson
Pitching: RHP Chad Wilson
Batting: RHB Donato Esparza 0-0: Fly out, F8 (Flyball, 8LD, EV 95.0 MPH)
Batting: LHB Kenny Helm 0-0: Ball
1-0: Ground out 1-3 (Groundball, 13S, EV 75.6 MPH)
Batting: SHB Billy Schneider 0-0: Ground out 6-3 (Groundball, 6M, EV 102.5 MPH)
Top of the 1st over - 0 runs, 0 hits, 0 errors, 0 left on base; San Antonio 0 - Corpus Christi 0
BOTTOM OF THE 1ST
Corpus Christi Hooks batting - Pitching for San Antonio Missions : LHP Miguel Espinoza
Pitching: LHP Miguel Espinoza
Batting: LHB Zack Baize 0-0: Ball
1-0: Foul Ball, location: 23FF
1-1: Ball
2-1: Ball
3-1: Foul Ball, location: 2F
3-2: Ground out 1-3 (Groundball, 15S, EV 63.1 MPH)
Batting: RHB Travis Braga 0-0: Called Strike
0-1: Ball
1-1: Foul Ball, location: 2RF
1-2: Strikes out looking
Batting: RHB Miguel Santillano 0-0: Fly out, F9 (Flyball, 9LS, EV 82.5 MPH)
Bottom of the 1st over - 0 runs, 0 hits, 0 errors, 0 left on base; San Antonio 0 - Corpus Christi 0
TOP OF THE 2ND
San Antonio Missions batting - Pitching for Corpus Christi Hooks : RHP Chad Wilson
Batting: RHB Sincere Robinson 0-0: TRIPLE (Flyball, 89XD, EV 93.8 MPH)
Batting: RHB Nick Spielman 0-0: Called Strike
0-1: Ball
1-1: Called Strike
1-2: Foul Ball, location: 9LDF
1-2: Ball
2-2: Ball
3-2: Strikes out looking
Batting: RHB Zach Elerson 0-0: Ball
1-0: Ground out 1-3 (Groundball, 34S, EV 76.9 MPH)
Batting: RHB Josh Redding 0-0: Ball
1-0: Foul Ball, location: 25F
1-1: Ball
2-1: Fly out, F9 (Flyball, 9, EV 97.5 MPH)
Top of the 2nd over - 0 runs, 1 hit, 0 errors, 1 left on base; San Antonio 0 - Corpus Christi 0
BOTTOM OF THE 2ND
Corpus Christi Hooks batting - Pitching for San Antonio Missions : LHP Miguel Espinoza
Batting: RHB Steve MacInnis 0-0: Ball
1-0: Ball
2-0: Ball
3-0: Called Strike
3-1: Base on Balls
Batting: RHB Agustin Vargas 0-0: Ball
1-0: Ball
2-0: Fly out, F7 (Flyball, 7S, EV 75.0 MPH)
Batting: LHB Malik Lindsey 0-0: Foul Ball, location: 7LSF
0-1: Ball
1-1: Swinging Strike
1-2: Ball
2-2: Foul Ball, location: 2F
2-2: Foul Ball, location: 7LDF
2-2: Ground out 4-3 (Groundball, 34, EV 81.9 MPH)
Steve MacInnis to second
Batting: RHB Edwin Cardenas 0-0: Ball
1-0: Ball
2-0: Ground out 1-3 (Groundball, P, EV 75.6 MPH)
Bottom of the 2nd over - 0 runs, 0 hits, 0 errors, 1 left on base; San Antonio 0 - Corpus Christi 0
TOP OF THE 3RD
San Antonio Missions batting - Pitching for Corpus Christi Hooks : RHP Chad Wilson
Batting: RHB Mark Williams 0-0: Ball
1-0: Foul Ball, location: 5FF
1-1: Ball
2-1: SINGLE (Groundball, 4MD, EV 103.1 MPH)
Batting: RHB Mike McMichael 0-0: Called Strike
0-1: Fly out, F6 (Line Drive, 6, EV 67.5 MPH)
Batting: RHB Donato Esparza 0-0: Ball
1-0: Foul Ball, location: 2F
1-1: Foul Ball, location: 3F
1-2: Fly out, F7 (Flyball, 7, EV 98.8 MPH)
Batting: LHB Kenny Helm 0-0: Ball
1-0: Fly out, F9 (Line Drive, 9S, EV 93.8 MPH)
Top of the 3rd over - 0 runs, 1 hit, 0 errors, 1 left on base; San Antonio 0 - Corpus Christi 0
BOTTOM OF THE 3RD
Corpus Christi Hooks batting - Pitching for San Antonio Missions : LHP Miguel Espinoza
Batting: RHB Dave Alley 0-0: Called Strike
0-1: Foul Ball, location: 25F
0-2: Ball
1-2: Ground out 4-3 (Groundball, 4M, EV 85.0 MPH)
Batting: SHB Chris Constable 0-0: SINGLE (Line Drive, 9S, EV 109.4 MPH)
Batting: LHB Zack Baize 0-0: Called Strike
0-1: SINGLE (Line Drive, 78M, EV 104.4 MPH)
Chris Constable to second
Batting: RHB Travis Braga 0-0: Ball
1-0: Ball
2-0: Foul Ball, location: 2LF
2-1: Called Strike
2-2: Grounds into double play, 5-4-3 (Groundball, 25, EV 86.3 MPH)
Bottom of the 3rd over - 0 runs, 2 hits, 0 errors, 1 left on base; San Antonio 0 - Corpus Christi 0
TOP OF THE 4TH
San Antonio Missions batting - Pitching for Corpus Christi Hooks : RHP Chad Wilson
Batting: SHB Billy Schneider 0-0: Ball
1-0: Swinging Strike
1-1: Ball
2-1: Ground out 2-3 (Groundball, 2R, EV 71.3 MPH)
Batting: RHB Sincere Robinson 0-0: Ball
1-0: DOUBLE (Line Drive, 7LS, EV 92.5 MPH)
Batting: RHB Nick Spielman 0-0: Ball
1-0: Ground out 5-3 (Groundball, 5, EV 94.4 MPH)
Batting: RHB Zach Elerson 0-0: Swinging Strike
0-1: Called Strike
0-2: Fly out, F9 (Flyball, 9LS, EV 89.4 MPH)
Top of the 4th over - 0 runs, 1 hit, 0 errors, 1 left on base; San Antonio 0 - Corpus Christi 0
BOTTOM OF THE 4TH
Corpus Christi Hooks batting - Pitching for San Antonio Missions : LHP Miguel Espinoza
Batting: RHB Miguel Santillano 0-0: Called Strike
0-1: Ball
1-1: Ball
2-1: Ball
3-1: SINGLE (Flyball, 89S, EV 87.5 MPH)
Batting: RHB Steve MacInnis 0-0: Ball
1-0: Ball
2-0: Grounds into double play, 5-4-3 (Groundball, 56S, EV 87.5 MPH)
Batting: RHB Agustin Vargas 0-0: Ground out 4-3 (Groundball, 34, EV 97.5 MPH)
Bottom of the 4th over - 0 runs, 1 hit, 0 errors, 0 left on base; San Antonio 0 - Corpus Christi 0
TOP OF THE 5TH
San Antonio Missions batting - Pitching for Corpus Christi Hooks : RHP Chad Wilson
Batting: RHB Josh Redding 0-0: Ball
1-0: Ball
2-0: Ball
3-0: Called Strike
3-1: Called Strike
3-2: Fly out, F8 (Flyball, 8LXD, EV 83.1 MPH)
Batting: RHB Mark Williams 0-0: Foul Ball, location: 7LDF
0-1: Ball
1-1: Swinging Strike
1-2: Ball
2-2: Strikes out swinging
Batting: RHB Mike McMichael 0-0: Called Strike
0-1: Ball
1-1: Ground out 5-3 (Groundball, 56, EV 103.8 MPH)
Top of the 5th over - 0 runs, 0 hits, 0 errors, 0 left on base; San Antonio 0 - Corpus Christi 0
BOTTOM OF THE 5TH
Corpus Christi Hooks batting - Pitching for San Antonio Missions : LHP Miguel Espinoza
Batting: LHB Malik Lindsey 0-0: Fly out, F8 (Flyball, 8LD, EV 96.3 MPH)
Batting: RHB Edwin Cardenas 0-0: Ball
1-0: Ball
2-0: Called Strike
2-1: Ball
3-1: Foul Ball, location: 9LSF
3-2: Base on Balls
Batting: RHB Dave Alley 0-0: Called Strike
0-1: Ball
Edwin Cardenas steals 2nd base
1-1: Ball
2-1: Ball
3-1: Foul Ball, location: 9LSF
3-2: Fly out, F7 (Flyball, 7LS, EV 86.3 MPH)
Batting: SHB Chris Constable 0-0: Ball
1-0: Ball
2-0: Fly out, F8 (Flyball, 8LS, EV 85.6 MPH)
Bottom of the 5th over - 0 runs, 0 hits, 0 errors, 1 left on base; San Antonio 0 - Corpus Christi 0
TOP OF THE 6TH
San Antonio Missions batting - Pitching for Corpus Christi Hooks : RHP Chad Wilson
Batting: RHB Donato Esparza 0-0: Called Strike
0-1: SINGLE (Line Drive, 8LS, EV 109.4 MPH)
Batting: LHB Kenny Helm 0-0: Ball
1-0: Ground out 4-3 (Groundball, 34S, EV 68.1 MPH)
Donato Esparza to second
Batting: SHB Billy Schneider 0-0: Intentional Walk
Batting: RHB Sincere Robinson 0-0: Called Strike
0-1: Ball
1-1: SINGLE (Groundball, 6MD, EV 98.8 MPH)
Donato Esparza to third
Billy Schneider to second
Runner from 3rd tries for Home, SAFE, throw by CF to home
Batting: RHB Nick Spielman 0-0: Fly out, F3 (Popup, 3F, EV 67.5 MPH)
Batting: RHB Zach Elerson 0-0: SINGLE (Line Drive, 78S, EV 107.5 MPH)
Billy Schneider to third
Sincere Robinson to second
Runner from 3rd tries for Home, SAFE, throw by LF to home
Batting: RHB Josh Redding 0-0: Swinging Strike
0-1: Ball
1-1: Fielders Choice at 2nd, 5-4 (Groundball, 56, EV 78.1 MPH)
Top of the 6th over - 2 runs, 3 hits, 0 errors, 2 left on base; San Antonio 2 - Corpus Christi 0
BOTTOM OF THE 6TH
Corpus Christi Hooks batting - Pitching for San Antonio Missions : LHP Miguel Espinoza
Batting: LHB Zack Baize 0-0: Ball
1-0: Ball
2-0: Called Strike
2-1: Foul Ball, location: 2F
2-2: Ball
3-2: DOUBLE (Groundball, 3L, EV 101.3 MPH)
Pitching: RHP Lance Corzine
Batting: RHB Travis Braga 0-0: Called Strike
0-1: Ball
1-1: Ball
2-1: Ground out 6-3 (Groundball, 6, EV 106.3 MPH)
Batting: RHB Miguel Santillano 0-0: Ball
1-0: Called Strike
1-1: Foul Ball, location: 7LDF
1-2: Foul Ball, location: 7LSF
1-2: Ball
2-2: Strikes out looking
Batting: RHB Steve MacInnis 0-0: Fly out, F8 (Line Drive, 8LM, EV 99.4 MPH)
Bottom of the 6th over - 0 runs, 1 hit, 0 errors, 1 left on base; San Antonio 2 - Corpus Christi 0
TOP OF THE 7TH
San Antonio Missions batting - Pitching for Corpus Christi Hooks : RHP Chad Wilson
Batting: RHB Mark Williams 0-0: Ball
1-0: Ball
2-0: SINGLE (Groundball, 6MD, EV 96.9 MPH)
Batting: RHB Mike McMichael 0-0: Called Strike
0-1: Called Strike
0-2: Grounds into double play, 5-4-3 (Groundball, 5, EV 80.0 MPH)
Batting: RHB Donato Esparza 0-0: Called Strike
0-1: Foul Ball, location: 7LMFF
0-2: Ball
1-2: SINGLE (Groundball, 34D, EV 109.4 MPH)
Batting: LHB Kenny Helm 0-0: Hit by Pitch
Donato Esparza to second
Batting: SHB Billy Schneider 0-0: Ball
1-0: Fly out, F7 (Line Drive, 78M, EV 96.3 MPH)
Top of the 7th over - 0 runs, 2 hits, 0 errors, 2 left on base; San Antonio 2 - Corpus Christi 0
BOTTOM OF THE 7TH
Corpus Christi Hooks batting - Pitching for San Antonio Missions : RHP Lance Corzine
Batting: RHB Agustin Vargas 0-0: Foul Ball, location: 5SF
0-1: Foul Ball, location: 3F
0-2: Ground out 4-3 (Groundball, 34, EV 90.0 MPH)
Batting: LHB Malik Lindsey 0-0: Called Strike
0-1: Called Strike
0-2: Strikes out looking
Batting: RHB Edwin Cardenas 0-0: Called Strike
0-1: Foul Ball, location: 2F
0-2: Ball
1-2: Ball
2-2: Ball
3-2: Ground out 5-3 (Groundball, 56, EV 106.3 MPH)
Bottom of the 7th over - 0 runs, 0 hits, 0 errors, 0 left on base; San Antonio 2 - Corpus Christi 0
TOP OF THE 8TH
San Antonio Missions batting - Pitching for Corpus Christi Hooks : RHP Chad Wilson
Batting: RHB Sincere Robinson 0-0: Foul Ball, location: 5F
0-1: Ball
1-1: Ball
2-1: Foul Ball, location: 5FF
2-2: Foul Ball, location: 9LSF
2-2: Ball
3-2: DOUBLE (Line Drive, 89D, EV 98.8 MPH)
Batting: RHB Nick Spielman 0-0: Fly out, F8 (Flyball, 8LXD, EV 101.3 MPH)
Runner from 2nd tags up, SAFE at 3rd, no throw by CF
Batting: RHB Zach Elerson 0-0: Intentional Walk
Batting: RHB Josh Redding 0-0: Fly out, F8 (Flyball, 8RM, EV 88.8 MPH)
Runner from 3rd tags up, OUT at HOME! 8-2
Top of the 8th over - 0 runs, 1 hit, 0 errors, 1 left on base; San Antonio 2 - Corpus Christi 0
BOTTOM OF THE 8TH
Corpus Christi Hooks batting - Pitching for San Antonio Missions : RHP Lance Corzine
Pitching: RHP Jacob Magaw
Batting: RHB Dave Alley 0-0: Swinging Strike
0-1: Foul Ball, location: 2F
0-2: Foul Ball, location: 9LDF
0-2: Strikes out swinging
Batting: SHB Chris Constable 0-0: Ball
1-0: Foul Ball, location: 2F
1-1: SINGLE (Line Drive, 34D, EV 100.0 MPH)
Batting: LHB Zack Baize 0-0: Ball
1-0: Foul Ball, location: 2F
1-1: Foul Ball, location: 2F
1-2: Ball
2-2: Ball
3-2: Fly out, F8 (Flyball, 8LS, EV 75.0 MPH)
Batting: RHB Travis Braga 0-0: Swinging Strike
0-1: SINGLE (Line Drive, 7LS, EV 102.5 MPH)
Chris Constable to second
Batting: RHB Miguel Santillano 0-0: Ball
1-0: Called Strike
1-1: Ball
2-1: Ball
3-1: Base on Balls
Chris Constable to third
Travis Braga to second
Batting: RHB Steve MacInnis 0-0: Ball
1-0: SINGLE (Line Drive, 78S, EV 96.9 MPH)
Chris Constable scores
Travis Braga to third
Miguel Santillano to second
Runner from 3rd tries for Home, SAFE, throw by LF to home
Pinch Hitting: SHB Mike Carpenter 0-0: Ball
1-0: Swinging Strike
1-1: Fly out, F8 (Flyball, 8LD, EV 105.0 MPH)
Bottom of the 8th over - 2 runs, 3 hits, 0 errors, 2 left on base; San Antonio 2 - Corpus Christi 2
TOP OF THE 9TH
San Antonio Missions batting - Pitching for Corpus Christi Hooks : RHP Chad Wilson
Now at 3B: Curtis Wilbur
Pinch Hitting: RHB Alejandro Rivera 0-0: Called Strike
0-1: Called Strike
0-2: Foul Ball, location: 9LMF
0-2: Foul Ball, location: 2F
0-2: Ball
1-2: Ground out 6-3 (Groundball, 6M, EV 96.3 MPH)
Pinch Hitting: SHB David Brooks 0-0: Swinging Strike
0-1: Called Strike
0-2: Ground out 5-3 (Groundball, 56, EV 108.8 MPH)
Batting: RHB Donato Esparza 0-0: Ball
1-0: Ball
2-0: Ball
3-0: Called Strike
3-1: Ground out 5-3 (Groundball, 5, EV 91.9 MPH)
Top of the 9th over - 0 runs, 0 hits, 0 errors, 0 left on base; San Antonio 2 - Corpus Christi 2
BOTTOM OF THE 9TH
Corpus Christi Hooks batting - Pitching for San Antonio Missions : RHP Jacob Magaw
Now at C: David Brooks
Now at SS: Steve Matteucci
Batting: LHB Malik Lindsey 0-0: Foul Ball, location: 7LSF
0-1: Swinging Strike
0-2: Strikes out swinging
Pinch Hitting: LHB Toby O'Dell 0-0: Ball
1-0: Foul Ball, location: 2F
1-1: Swinging Strike
1-2: Strikes out swinging
Batting: RHB Dave Alley 0-0: Ball
1-0: SINGLE (Line Drive, 8LS, EV 100.0 MPH)
Pinch Hitting: RHB Chad Boston 0-0: Ground out 2-3 (Groundball, 2L, EV 73.8 MPH)
Bottom of the 9th over - 0 runs, 1 hit, 0 errors, 1 left on base; San Antonio 2 - Corpus Christi 2
TOP OF THE 10TH
San Antonio Missions batting - Pitching for Corpus Christi Hooks : RHP Chad Wilson
Donato Esparza starts the inning at 2nd base.
Now at C: Danny Nunez
Now in LF: Toby O'Dell
Batting: LHB Kenny Helm 0-0: Ground out U3 (Groundball, 3L, EV 103.1 MPH)
Donato Esparza to third
Batting: SHB Billy Schneider 0-0: Intentional Walk
Batting: RHB Sincere Robinson 0-0: 3-RUN HOME RUN (Flyball, 7LD, EV 95.6 MPH), Distance : 333 ft
Pitching: RHP Tom Jacobson
Batting: RHB Nick Spielman 0-0: Ball
1-0: Foul Ball, location: 9LSF
1-1: Fly out, F9 (Line Drive, 9LS, EV 88.1 MPH)
Batting: RHB Zach Elerson 0-0: Called Strike
0-1: Ball
1-1: Called Strike
1-2: Strikes out swinging
Top of the 10th over - 3 runs, 1 hit, 0 errors, 0 left on base; San Antonio 5 - Corpus Christi 2
BOTTOM OF THE 10TH
Corpus Christi Hooks batting - Pitching for San Antonio Missions : RHP Jacob Magaw
Danny Nunez starts the inning at 2nd base.
Pitching: RHP Mike Resop
Batting: LHB Zack Baize 0-0: Ball
1-0: Foul Ball, location: 2LF
1-1: Ball
2-1: Called Strike
2-2: DOUBLE (Flyball, 8LXD, EV 97.5 MPH)
Danny Nunez scores
Batting: RHB Travis Braga 0-0: Called Strike
0-1: Foul Ball, location: 25F
0-2: Ball
1-2: Ball
2-2: Ball
3-2: Strikes out looking
Batting: RHB Miguel Santillano 0-0: Swinging Strike
0-1: Foul Ball, location: 23F
0-2: Ball
1-2: Fly out, F9 (Flyball, 9, EV 80.0 MPH)
Batting: RHB Steve MacInnis 0-0: Ball
1-0: Ground out 1-3 (Groundball, 13S, EV 70.0 MPH)
Bottom of the 10th over - 1 run, 1 hit, 0 errors, 1 left on base; San Antonio 5 - Corpus Christi 3
Sunday, April 14th , 2024 - OOTP Baseball 24.11 Build 85